 Dungeon Crawl Stone Soup version 0.29.1-2-gbd0b4ee654 (webtiles) character file.

Game seed: 7134131956171969571

92 GigaChad the Covered (level 4, -1/40 HPs)
             Began as a Minotaur Fighter on Nov 22, 2022.
             Slain by a gnoll
             ... wielding a +0 halberd
              (9 damage)
             ... on level 3 of the Dungeon.
             The game lasted 00:03:41 (1573 turns).

GigaChad the Covered (Minotaur Fighter)             Turns: 1573, Time: 00:03:41

Health: -1/40      AC:  7    Str: 22    XL:     4   Next: 35%
Magic:  3/3        EV:  9    Int:  5    God:
Gold:   29         SH:  4    Dex: 10    Spells: 3/3 levels left

rFire   . . .      SeeInvis .   a - +0 war axe
rCold   . . .      Faith    .   c - +0 buckler
rNeg    . . .      Spirit   .   b - +0 scale mail
rPois   .          Reflect  .   (helmet restricted)
rElec   .          Harm     .   (no cloak)
rCorr   .          Rampage  .   (no gloves)
Will    .....                   (no boots)
Stlth   ..........              (no amulet)
HPRegen 0.13/turn               (no ring)
MPRegen 0.08/turn               (no ring)

@: no status effects
A: horns 2, retaliatory headbutt
a: no special abilities


You were on level 3 of the Dungeon.
You visited 1 branch of the dungeon, and saw 3 of its levels.

You collected 29 gold pieces.

Inventory:

Hand Weapons
 a - a +0 war axe (weapon)
Armour
 b - a +0 scale mail (worn)
 c - a +0 buckler (worn)
Scrolls
 f - a scroll of silence {unknown}
 h - a scroll of identify {unknown}
 l - a scroll of poison
 n - a scroll of teleportation
Potions
 d - a potion of might
 e - 2 potions of flight {unknown}
 g - a potion of mutation {unknown}
 i - 2 potions of curing {unknown}


   Skills:
 + Level 4.0 Fighting
 + Level 3.9 Axes
 + Level 4.6 Armour
 - Level 0.4 Dodging
 + Level 4.1 Shields


You had 3 spell levels left.
You didn't know any spells.
Your spell library contained the following spells:

 Spells                   Type           Power      Damage    Failure   Level
 Call Canine Familiar     Summ           0%         N/A       99%         3
 Portal Projectile        Hex/Tloc       0%         N/A       99%         3
 Leda's Liquefaction      Hex/Erth       0%         N/A       100%        4


Dungeon Overview and Level Annotations

Branches:
Dungeon (3/15)

Altars:


Innate Abilities, Weirdness & Mutations

You have a pair of horns on your head.
You reflexively headbutt those who attack you in melee.


Message History

You have reached level 4!
You feel agile.
You closely miss the gnoll. You slash the kobold!
You kill the kobold!
The gnoll barely misses you. You furiously retaliate!
You headbutt the gnoll. The gnoll completely misses you.
You furiously retaliate!
You headbutt the gnoll.
The orc throws a boomerang.
The boomerang hits you but does no damage.
You barely miss the gnoll. You headbutt the gnoll.
The gnoll is severely wounded.
The orc throws a boomerang.
The boomerang closely misses you. You block the gnoll's attack.
The gnoll hits you but does no damage.
The orc throws a boomerang.
You block the boomerang.
You slash the gnoll!
You kill the gnoll!
The gnoll barely misses you. The gnoll hits you with a +0 halberd!
The orc hits you with a +0 hand axe.
An endoplasm comes into view.
Things that are here:
a +0 club; a gnoll corpse The endoplasm quivers.
The gnoll hits you from afar with a +0 halberd.
The orc attacks as you move away! The orc hits you but does no damage.
The orc throws a boomerang.
The boomerang hits you but does no damage.
The gnoll closely misses you.
The orc throws a boomerang.
You block the boomerang.
The orc throws a boomerang.
The boomerang hits you. The gnoll hits you but does no damage.
The orc hits you but does no damage.
You slash the orc!
You kill the orc!
The gnoll hits you from afar with a +0 halberd.
A goblin comes into view. It is wielding a +0 dagger.
The gnoll hits you from afar with a +0 halberd.
* * * LOW HITPOINT WARNING * * *
You slash the endoplasm!
You kill the endoplasm!
The gnoll barely misses you. The gnoll hits you with a +0 halberd!
You die...

########### #
#.<........ ...
#..........
.....#####..........
.....?...@g.....>..>
.....#####........:.
### #.)........
#).........
......).........
#####.....g.....
#.###.#..... #.
.#.##. #. .# #


You could see a gnoll and a goblin.

Vanquished Creatures
  An orc wizard (D:3)
  A gnoll (D:3)
  An adder (D:2)
  A dart slug (D:1)
  An orc (D:3)
  8 ball pythons
  6 endoplasms
  A giant cockroach (D:2)
  4 hobgoblins
  2 jackals (D:1)
  3 kobolds
  A quokka (D:1)
  8 bats
  4 frilled lizards
  4 rats (D:1)
46 creatures vanquished.

Notes
Turn   | Place    | Note
-------+----------+-------------------------------------------
     0 | D:1      | GigaChad the Minotaur Fighter began the quest for the Orb.
     0 | D:1      | Reached XP level 1. HP: 19/19 MP: 0/0
    87 | D:1      | Reached XP level 2. HP: 26/27 MP: 1/1
   624 | D:1      | Reached XP level 3. HP: 31/33 MP: 2/2
  1558 | D:3      | Reached XP level 4. HP: 36/40 MP: 3/3
  1573 | D:3      | Slain by a gnoll

Illustrated notes

Levels and vault maps discovered:
D:1:      sevenhm_arrival_forest_fort_large_2, layout_loops_ring,
          chequers_serial_rivers_micro_b
D:2:      layout_basic, basic_altar
D:3:      layout_basic, chei_slow_surprise, roderic_batcave,
          kennysheep_generic_room_11, uniq_sigmund

Skill      XL: |  1  2  3 |
---------------+----------+-----
Armour         | 4 |  4.6
Shields        | 4 |  4.1
Axes           | 3 |  3.9
Fighting       | 4 |  4.0
Dodging        | |  0.4

Action                   |  1- 3 |  4- 6 || total
-------------------------+-------+-------++-------
Melee: War axe           |    72 |     5 ||    77
       Headbutt          |     8 |     1 ||     9
  Use: Scroll            |     5 |       ||     5
Armor: Scale mail        |    52 |     6 ||    58
Dodge: Dodged            |    41 |     6 ||    47
Block: Buckler           |    21 |     3 ||    24
